AoeStats
← vikman85

Arena

509188924Analyzed
4v4 RM · 5d ago on Sep 25, 2026· 44m 56s· 8 players
Game mode
Random Map
Map size
Large (8 player)
Population
200
Speed
Normal
Resources
Standard
Victory
Conquest
Starting age
Dark Age
Ending age
Imperial Age
RankedLock teamsTeams togetherTeam positionsShared explorationLock speedFull tech treeHidden civsTurbo modeCheats
Victory
Defeat
🇦🇷 Varangians · Argentina
1239
+14
🇺🇸 Turks · United States
1216
+15
🇨🇷 Malay · Costa Rica
1211
+15
🇹🇷 Saxons · Türkiye
1182
+16
🇪🇸 Varangians · Spain
1272
-18
🇪🇸 Danes · Spain
1210
-16
🇪🇸 Bohemians · Spain
1204
-16
🇪🇸 Persians · Spain
1068
-10
petey_hs
11:36 Feudal Age
10:52 Loom
12:56 Fletching
16:44 Horse Collar
20:53 Double-Bit Axe
25:35 Castle Age
27:07 Gold Mining
27:30 Bow Saw
30:47 Gold Shaft Mining
30:02 Stone Mining
30:31 Bodkin Arrow
30:40 Heavy Plow
32:51 Stone Mining
35:15 Squires
36:51 Wheelbarrow
36:02 Town Watch
37:36 Ballistics
40:37 Imperial Age
39:13 Padded Archer Armor
39:24 Forging
39:20 Scale Barding Armor
39:03 Treadmill Crane
39:18 Murder Holes
40:09 Leather Archer Armor
39:57 Scale Mail Armor
40:08 Forging
40:06 Scale Barding Armor
40:12 Forging
40:59 Elite Janissary
44:26 Conscription
44:38 Heated Shot
45:00 Masonry
44:59 Artillery
alemarioh
11:11 Feudal Age
16:12 Castle Age
14:20 Horse Collar
14:36 Double-Bit Axe
16:54 Bow Saw
16:45 Heavy Plow
21:24 Wheelbarrow
21:18 Gold Mining
22:14 Forging
24:14 Gold Shaft Mining
24:07 Stone Mining
25:12 Iron Casting
25:17 Hand Cart
28:30 Imperial Age
25:46 Loom
27:28 Stone Shaft Mining
27:32 Town Watch
28:01 Masonry
27:31 Treadmill Crane
27:43 Heated Shot
28:14 Ballistics
30:27 Chemistry
31:04 Blast Furnace
30:43 Murder Holes
30:50 Murder Holes
31:42 Crop Rotation
31:49 Conscription
31:48 Elite Karambit Warrior
32:54 Arson
33:12 Squires
32:35 Pikeman
33:47 Town Patrol
34:13 Halberdier
39:50 Siege Engineers
40:08 Bombard Tower
40:08 Ballistics
40:58 Forced Levy
40:30 Sappers
MatRm10
9:46 Feudal Age
10:21 Double-Bit Axe
10:17 Horse Collar
16:10 Stone Mining
18:29 Castle Age
19:03 Forging
20:56 Gold Mining
21:17 Bow Saw
22:02 Scale Barding Armor
23:08 Chain Barding Armor
24:01 Iron Casting
24:39 Wheelbarrow
23:55 Loom
31:39 Imperial Age
29:52 Heavy Plow
30:36 Hand Cart
31:10 Pikeman
31:52 Squires
33:00 Iron Casting
33:06 Bloodlines
32:57 Husbandry
33:41 Conscription
33:30 Gothikon
34:36 Light Cavalry
36:35 Two-Man Saw
37:04 Plate Barding Armor
37:23 Town Watch
37:18 Hussar
39:01 Blast Furnace
38:25 Ballistics
39:11 Chemistry
38:37 Elite Jarl
40:08 Stone Shaft Mining
39:53 Scale Mail Armor
40:28 Masonry
40:29 Fortified Wall
41:48 Fletching
43:36 Bodkin Arrow
43:48 Siege Engineers
44:18 Bracer
kurinkito
10:33 Feudal Age
14:24 Castle Age
13:02 Double-Bit Axe
13:03 Horse Collar
15:35 Bow Saw
15:49 Heavy Plow
19:21 Wheelbarrow
22:27 Loom
23:38 Hand Cart
23:09 Town Watch
23:38 Gold Mining
23:42 Stone Mining
25:37 Gold Shaft Mining
29:07 Squires
28:53 Gambesons
28:54 Arson
30:04 Forging
29:55 Scale Mail Armor
29:46 Fletching
29:28 Pikeman
33:50 Imperial Age
31:58 Iron Casting
31:42 Chain Mail Armor
32:54 Bodkin Arrow
33:52 Halberdier
33:54 Elite Varangian Guard
33:57 Shield Wall
35:10 Conscription
35:55 Plate Mail Armor
VimaraPeres
10:23 Feudal Age
14:34 Castle Age
13:11 Double-Bit Axe
13:08 Horse Collar
15:44 Bow Saw
15:48 Loom
16:41 Fervor
21:02 Town Watch
23:17 Wheelbarrow
24:34 Heavy Plow
29:34 Imperial Age
26:55 Elite Skirmisher
26:57 Pikeman
27:37 Squires
29:57 Chemistry
29:18 Ballistics
29:36 Forging
29:26 Scale Mail Armor
29:16 Fletching
29:27 Padded Archer Armor
30:05 Hand Cart
29:53 Halberdier
31:39 Iron Casting
31:19 Chain Mail Armor
32:26 Two-Man Saw
31:49 Bodkin Arrow
32:36 Leather Archer Armor
36:29 Conscription
37:48 Siege Engineers
37:45 Bracer
38:16 Ring Archer Armor
38:46 Blast Furnace
38:17 Plate Mail Armor
vikman85
10:36 Feudal Age
14:37 Castle Age
12:43 Double-Bit Axe
13:19 Horse Collar
15:47 Bow Saw
15:40 Heavy Plow
16:09 Heavy Plow
19:52 Loom
21:30 Wheelbarrow
21:24 Stone Mining
21:25 Gold Mining
23:51 Stone Shaft Mining
24:03 Hand Cart
29:33 Imperial Age
27:14 Bloodlines
27:04 Husbandry
27:42 Scale Barding Armor
27:53 Vendel Legacy
29:44 Chain Barding Armor
30:16 Cavalier
31:42 Plate Barding Armor
31:18 Forging
32:44 Conscription
35:03 Iron Casting
37:27 Two-Man Saw
36:57 Crop Rotation
37:32 Blast Furnace
dalogax
11:03 Feudal Age
15:18 Castle Age
13:55 Double-Bit Axe
14:56 Loom
15:39 Scale Barding Armor
15:45 Forging
15:45 Gold Mining
24:22 Gold Shaft Mining
24:56 Wheelbarrow
26:09 Hand Cart
26:54 Horse Collar
27:28 Bow Saw
30:45 Husbandry
30:57 Bloodlines
33:13 Heavy Plow
37:03 Imperial Age
36:38 Chain Barding Armor
36:54 Iron Casting
36:43 Cavalier
38:19 Plate Barding Armor
38:07 Conscription
37:55 Kamandaran
40:52 Savar
DK_rudyairlines
6:36 Loom
8:46 Feudal Age
11:11 Fletching
11:32 Double-Bit Axe
21:53 Horse Collar
26:01 Castle Age
26:10 Wheelbarrow
25:51 Town Watch
27:01 Bow Saw
28:43 Hand Cart
28:50 Scale Mail Armor
29:01 Forging
28:47 Bodkin Arrow
29:37 Hand Cart
30:21 Chain Mail Armor
30:11 Padded Archer Armor
31:26 Iron Casting
31:37 Gambesons
31:53 Squires
31:39 Arson
34:16 Padded Archer Armor
34:04 Elite Skirmisher
37:35 Gold Mining
38:44 Heavy Plow
Connection lost

Rejoining the realm…

Still unreachable

The connection could not be restored.

Session expired

The server has moved on; the page needs a fresh start.